Map: Paladino Terminal LE

Players

surculus - Winner!

  • Race: Terran Terran
  • League: Diamond
  • Spawn Location: 9:00

Musumeci

  • Race: Zerg Zerg
  • League: Diamond
  • Spawn Location: 5:00

VOD

Have the link to the VOD?

Description

Time

  • Played on: Feb. 15, 2017, 7:45 a.m.
  • Length: 5:33
Show
View Real Time Build Order
Export as new Build Order

surculus Terran - Winner!

Build Orders:  

Get SALT Encoding   

  12  0:01  SCV  
  13  0:13  SCV  
  14  0:18  Supply Depot  
  14  0:25  SCV  
  15  0:40  SCV  
  16  0:44  Barracks  
  16  0:47  Refinery  
  16  0:52  SCV  
  17  1:04  Barracks  
  17  1:06  SCV  
  18  1:22  Barracks  
  18  1:28  SCV  
  19  1:35  Refinery  
  19  1:36  Reaper  
  20  1:55  Reaper  
  21  2:06  Orbital Command  
  21  2:12  Supply Depot  
  22  2:15  Reaper  
  22  2:27  Bunker  
  22  2:35  Reaper  
  22  2:37  Reaper  
  24  2:57  SCV  
  25  3:31  SCV  
  26  3:43  SCV  
  26  3:45  Barracks  
  27  3:54  Command Center  
  27  3:55  Reaper x2  
  29  4:07  SCV  
  29  4:09  Supply Depot  
  29  4:27  Reaper  
  29  4:49  Reaper x2  
  31  4:59  Reaper  
  32  5:16  SCV  
  32  5:17  Factory  
  32  5:20  Barracks  
  32  5:21  Supply Depot x2  
  33  5:22  Barracks  
Show
View Real Time Build Order
Export as new Build Order

Musumeci Zerg 

Build Orders: Hatch First 

Get SALT Encoding   

  12  0:01  Drone  
  13  0:09  Drone  
  14  0:16  Extractor  
  14  0:20  Extractor  
  14  0:21  Drone  
  15  0:42  Hatchery  
  15  0:47  Extractor  
  13  0:55  Extractor  
  13  0:56  Drone  
  15  1:07  Spawning Pool  
  14  1:13  Hatchery  
  14  1:21  Drone, Extractor  
  14  1:24  Overlord  
  15  1:57  Zergling x6  
  18  2:09  Zergling x2  
  18  2:10  Hatchery  
  18  2:25  Queen  
  18  2:26  Zergling x2  
  21  2:36  Zergling x2  
  22  2:48  Zergling x2  
  21  2:58  Zergling x2  
  18  3:18  Zergling x2  
  15  3:24  Zergling x2  
  18  3:28  Zergling x6  
  18  3:33  Queen  
  23  3:44  Drone  
  23  3:47  Drone x2  
  23  3:51  Hatchery  
  22  3:58  Zergling x2  
  22  4:10  Drone  
  22  4:12  Queen  
  17  4:40  Zergling x2  
  17  4:41  Drone x2  
  11  4:47  Queen  
  11  4:59  Drone  
  10  5:08  Drone  
  12  5:14  Drone  
Tags
 
Add a new tag
Caveats
  • Supply blocks, unpowered buildings, or Contaminate may cause inaccurate times.
  • Supply counts are checked every 10 seconds.